 Dungeon Crawl Stone Soup version 0.28-a0-1518-gbe868bca14 (webtiles) character file.

Game seed: 15295045227610647101

2331 buddhastalin the Slicer (level 9, -4/77 HPs)
             Began as a Grey Draconian Brigand on Jan 16, 2022.
             Slain by an orc knight (17 damage)
             ... in a bailey.
             The game lasted 00:19:07 (7248 turns).

buddhastalin the Slicer (Grey Draconian Brigand)    Turns: 7248, Time: 00:19:08

Health: -4/77      AC: 14    Str: 14    XL:     9   Next: 19%
Magic:  9/9        EV: 17    Int: 16    God:
Gold:   242        SH:  0    Dex: 12    Spells: 8/8 levels left

rFire   . . .      SeeInvis .   a - +3 dagger (protect)
rCold   . . .      Faith    .   (no shield)
rNeg    . . .      Spirit   .   (armour unavailable)
rPois   .          Reflect  .   (helmet restricted)
rElec   .          Harm     .   b - +0 cloak
rCorr   .          Rampage  .   (no gloves)
Will    .....                   m - +0 pair of boots
Stlth   +++.......              (no amulet)
HPRegen 0.22/turn               j - +4 ring of evasion
MPRegen 0.11/turn               (no ring)

@: mighty
A: AC +12, amphibious, unfitting armour, cold-blooded
a: no special abilities


You were in a bailey.
You visited 1 branch of the dungeon, and saw 7 of its levels.
You also visited: Bailey.

You collected 242 gold pieces.

Inventory:

Hand Weapons
 a - a +3 dagger of protection (weapon)
Missiles
 c - 21 poisoned darts (quivered)
 e - 5 boomerangs
Armour
 b - a +0 cloak (worn)
 m - a +0 pair of boots (worn)
Jewellery
 j - a +4 ring of evasion (left hand)
 w - an amulet of faith
Wands
 d - a wand of flame (29)
 s - a wand of digging (6)
 v - a wand of iceblast (1)
Scrolls
 f - 3 scrolls of teleportation
 i - 2 scrolls of identify
 l - a scroll of fear
Potions
 h - 2 potions of brilliance
 p - a potion of flight
 q - a potion of magic
 r - 2 potions of lignification


   Skills:
 + Level 6.3 Fighting
 * Level 8.1 Short Blades
 - Level 1.7 Throwing
 + Level 5.0 Dodging
 + Level 6.5 Stealth


You had 8 spell levels left.
You didn't know any spells.
Your spell library contained the following spells:

 Spells                   Type           Power      Damage    Failure   Level
 Freeze                   Ice            0%         1d3       26%         1
 Magic Dart               Conj           0%         1d3       26%         1
 Call Imp                 Summ           0%         N/A       36%         2
 Ensorcelled Hibernation  Hex/Ice        0%         N/A       36%         2
 Passwall                 Tmut/Erth      0%         N/A       36%         2
 Conjure Flame            Conj/Fire      0%         6-21      58%         3
 Frozen Ramparts          Ice            0%         1d2       58%         3
 Ignite Poison            Fire/Tmut/Pois 0%         N/A       58%         3
 Mephitic Cloud           Conj/Pois/Air  0%         N/A       58%         3
 Swiftness                Air            0%         N/A       58%         3
 Hailstorm                Conj/Ice       0%         3d3       94%         4
 Sticky Flame             Conj/Fire      0%         2d3       94%         4


Dungeon Overview and Level Annotations

Branches:
Dungeon (7/15)             Temple (0/1) D:5          Bailey (1/1)

Altars:
Fedhas
Hepliaklqana
Kikubaaqudgha
Qazlal
Ru
Sif Muna
Wu Jian

Shops:
D:6 **


Innate Abilities, Weirdness & Mutations

Your dull iron-grey scales are very hard. (AC +12)
You are amphibious.
You cannot fit into any form of body armour.
You are cold-blooded and may be slowed by cold attacks.


Message History

The orc knight convulses.
The orc knight seems to be slow for longer.
The orc knight is lightly wounded.
A kobold comes into view.
The kobold throws a boomerang.
The boomerang barely misses you.
Throw: 3 darts (curare)
Press: ? - help, Q - select action, (/) - cycle Shift-Dir - straight line, f/p - orc knight
Aim: an orc knight, wielding a +0 war axe and wearing a +0 ring mail (moderately wounded, very poisoned, slow, 53% to hit)
You throw a curare-tipped dart.
The curare-tipped dart closely misses the orc knight.
Throw: 2 darts (curare)
Press: ? - help, Q - select action, (/) - cycle Shift-Dir - straight line, f/p - orc knight
Aim: an orc knight, wielding a +0 war axe and wearing a +0 ring mail (moderately wounded, very poisoned, slow, 53% to hit)
You throw a curare-tipped dart.
The curare-tipped dart barely misses the orc knight.
The orc knight barely misses you. The kobold hits you but does no damage.
The kobold barely misses you.
There is a gate leading back out of this place here.
The orc knight is no longer moving slowly.
You puncture the kobold!
Your weapon exudes an aura of protection.
You kill the kobold!
Throw: dart (curare)
Press: ? - help, Q - select action, (/) - cycle Shift-Dir - straight line, f/p - orc knight
Aim: an orc knight, wielding a +0 war axe and wearing a +0 ring mail (heavily wounded, very poisoned, 53% to hit)
You throw a curare-tipped dart.
The curare-tipped dart barely misses the orc knight.
The orc knight hits you with a +0 war axe!
Throw: 22 darts (poison)
Press: ? - help, Q - select action, (/) - cycle Shift-Dir - straight line, f/p - orc knight
Aim: an orc knight, wielding a +0 war axe and wearing a +0 ring mail (heavily wounded, very poisoned, 53% to hit)
You throw a poisoned dart. The poisoned dart hits the orc knight.
The orc knight looks even sicker.
The orc knight is heavily wounded.
The orc knight hits you with a +0 war axe!!
* * * LOW HITPOINT WARNING * * *
You see here 2 curare-tipped darts.
You feel better.
The orc knight hits you with a +0 war axe!
You die...

#≈≈.......≈≈#
##≈.......≈##
####...####
#...# #.()#
#.(.# ##''(##
##..∩.(##
#(....o@#
#...∩(.)#
##.....##
#######


You could see an orc knight (very poisoned).

Vanquished Creatures
  Eustachio (D:5)
  Menkaure (D:5)
  Duvessa (D:5)
  2 necrophages
  A black bear (D:6)
  2 orc warriors
  An ogre (D:6)
  2 sky beasts (D:6)
  3 centaurs
  Blork the orc (D:5)
  3 kobold brigands (Bailey)
  2 scorpions (D:6)
  A water moccasin zombie (D:7)
  A wyvern skeleton (D:7)
  A water moccasin skeleton (D:5)
  Dowan (D:5)
  A howler monkey (D:5)
  A hound (D:6)
  2 jellies (D:6)
  A bullfrog zombie (D:5)
  A centaur skeleton (D:6)
  Ijyb (D:5)
  3 gnolls
  9 adders
  A worm (D:2)
  3 dart slugs
  18 orcs
  5 endoplasms
  4 giant cockroaches
  10 goblins
  8 hobgoblins
  13 kobolds
  6 quokkas
  4 ball pythons
  A bat (D:2)
  6 frilled lizards
  2 rats
124 creatures vanquished.

Vanquished Creatures (others)
  54 plants (D:6)
54 creatures vanquished.

Grand Total: 178 creatures vanquished

Notes
Turn   | Place    | Note
-------+----------+-------------------------------------------
     0 | D:1      | buddhastalin the Draconian Brigand began the quest for the
                  | Orb.
     0 | D:1      | Reached XP level 1. HP: 17/17 MP: 1/1
    48 | D:1      | Reached skill level 1 in Dodging
   189 | D:1      | Found a faded altar of an unknown god.
   219 | D:1      | Reached XP level 2. HP: 20/25 MP: 2/2
   932 | D:2      | Reached XP level 3. HP: 18/30 MP: 3/3
  1529 | D:2      | You fall into a shaft and drop 1 floor!
  1627 | D:3      | Found a hazy altar of Hepliaklqana.
  1647 | D:3      | Reached skill level 3 in Short Blades
  1947 | D:2      | Reached XP level 4. HP: 27/37 MP: 4/4
  2353 | D:3      | Found a stormy altar of Qazlal.
  2601 | D:3      | Found a blossoming altar of Fedhas.
  3229 | D:3      | Reached XP level 5. HP: 38/45 MP: 5/5
  3729 | D:4      | Found a sacrificial altar of Ru.
  3957 | D:4      | Noticed a necrophage
  3985 | D:4      | Killed a necrophage
  3986 | D:4      | Reached skill level 4 in Short Blades
  4181 | D:5      | Entered Level 5 of the Dungeon
  4368 | D:5      | Reached XP level 6. HP: 46/52 MP: 6/6
  4415 | D:5      | Noticed Eustachio
  4443 | D:5      | Killed Eustachio
  4579 | D:5      | Found a staircase to the Ecumenical Temple.
  4609 | D:5      | Noticed Duvessa
  4622 | D:5      | Reached skill level 5 in Short Blades
  4622 | D:5      | Your scales start taking on a dull iron-grey colour.
  4622 | D:5      | Reached XP level 7. HP: 54/59 MP: 7/7
  4633 | D:5      | Noticed Dowan
  4647 | D:5      | Noticed Ijyb
  4655 | D:5      | Killed Duvessa
  4655 | D:5      | Noticed Menkaure
  4656 | D:5      | Reached skill level 5 in Stealth
  4679 | D:5      | HP: 2/60 [centaur/arrow (12)]
  5013 | D:5      | Noticed Blork the orc
  5034 | D:5      | Killed Blork the orc
  5042 | D:5      | Killed Dowan
  5043 | D:5      | Killed Ijyb
  5047 | D:5      | Killed Menkaure
  5048 | D:5      | Reached skill level 6 in Short Blades
  5048 | D:5      | Reached XP level 8. HP: 14/67 MP: 8/8
  5395 | D:5      | Found an ancient bone altar of Kikubaaqudgha.
  5715 | D:5      | Reached skill level 5 in Fighting
  6112 | D:6      | Found Sozxuet's General Store.
  6151 | D:6      | Reached skill level 7 in Short Blades
  6214 | D:6      | Found a shimmering blue altar of Sif Muna.
  6286 | D:6      | Found Vishau's Fire Supplies.
  6507 | D:6      | Found an ornate altar of the Wu Jian Council.
  6514 | D:6      | Noticed a spectral centipede
  6514 | D:6      | Noticed a spectral black mamba
  6986 | D:7      | Reached XP level 9. HP: 48/75 MP: 9/9
  7039 | D:7      | Found a flagged portal.
  7069 | Bailey   | Entered a bailey
  7206 | Bailey   | Noticed an orc knight
  7214 | Bailey   | Reached skill level 8 in Short Blades
  7218 | Bailey   | Reached skill level 5 in Dodging
  7248 | Bailey   | Slain by an orc knight

Illustrated notes

Levels and vault maps discovered:
D:1:      matt_arrival_grand_opening, layout_loops_ring, serial_glass,
          glass_columns_c, glass_columns_a,
          chequers_ecumenical_altar_simple_redux
D:2:      layout_basic, kennysheep_generic_room_2
D:3:      layout_basic, lemuel_doored_altar, mainiacjoe_overflow_alcove_1,
          grunt_qazlal_sundering
D:4:      layout_loops_corners, lemuel_round_altar
D:5:      layout_cave_pools, nicolae_kikubaaqudgha_miasma_corner,
          minmay_temple_entry_from_below_a, uniq_ijyb, uniq_blork_the_orc,
          uniq_menkaure, uniq_eustachio, uniq_duvessa
D:6:      layout_cave_pools, pdpol_wu_jian_five_deadly_venoms,
          mainiacjoe_overflow_six_doors_small, nicolae_take_the_stairs,
          eino_small_chamber_without_monster, serial_bayou_lagoon_a,
          nicolae_shop_fire_sale [nicolae_sub_dead_trees]
D:7:      layout_loops_ring, enter_bailey_5, kennysheep_potato
Bailey:   bailey_axe_3, bailey

Skill      XL: |  1  2  3  4  5  6  7  8  9 |
---------------+----------------------------+-----
Dodging        | 1 2 3 4 5 |  5.0
Short Blades   | 3 4 5 6 7 8 |  8.1
Stealth        | 4 5 6 |  6.5
Fighting       | 3 4 6 |  6.3
Throwing       | |  1.7

Action                   |  1- 3 |  4- 6 |  7- 9 || total
-------------------------+-------+-------+-------++-------
Melee: Dagger            |   141 |   226 |   367 ||   734
       Tailslap          |    10 |    30 |    55 ||    95
       Punch             |     1 |     3 |     5 ||     9
Throw: Dart              |       |       |    33 ||    33
  Use: Potion            |       |     1 |     5 ||     6
       Scroll            |       |       |    11 ||    11
 Stab: Sleeping          |     6 |     6 |     1 ||    13
Armor: Skin              |    28 |    50 |   104 ||   182
Dodge: Dodged            |    78 |   197 |   269 ||   544

Table legend: (Time is in decaauts)
 A = Elapsed time spent in this place.
 B = Non-inter-level travel time spent in this place.
 C = Inter-level travel time spent in this place.
 D = Time resting spent in this place.
 E = Time spent auto-exploring this place.
 F = Levels seen in this place.
 G = Mean time per level.
                   A        B        C        D        E       F      G
               +--------+--------+--------+--------+--------+-----+--------+
         Total |   7063 |   6834 |    229 |   1953 |   3480 |   8 |  882.9 |
       Dungeon |   6909 |   6680 |    229 |   1886 |   3480 |   7 |  987.0 |
        Bailey |    154 |    154 |      0 |     67 |      0 |   1 |  154.0 |
               +--------+--------+--------+--------+--------+-----+--------+

Top non-repeatable levels by time:
     D:4: 1396 daAuts
     D:5: 1210 daAuts
     D:2: 1203 daAuts
     D:6: 1120 daAuts
     D:3: 1008 daAuts
     D:1: 868 daAuts
  Bailey: 154 daAuts
     D:7: 100 daAuts
